 Dungeon Crawl Stone Soup version 0.31-a0-982-g1816016f30 (webtiles) character file.

Game seed: 8149528510223867810

7317 Revguard the Fighter (level 10, -3/80 HPs)
             Began as a Demonspawn Gladiator on Nov 2, 2023.
             Was an Elder of Okawaru.
             Slain by an orc warrior
             ... wielding a +0 halberd
             ... summoned by a boggart
              (7 damage)
             ... on level 10 of the Dungeon.
             The game lasted 00:22:13 (7793 turns).

Revguard the Fighter (Demonspawn Gladiator)         Turns: 7793, Time: 00:22:13

Health: -3/80      AC: 13    Str: 15    XL:     10   Next: 90%
Magic:  15/15      EV: 19    Int: 12    God:    Okawaru [****..]
Gold:   410        SH:  0    Dex: 18    Spells: 13/13 levels left

rFire   . . .        p - +7 Throatcutter {drain, coup de grace}
rCold   . . .        (no shield)
rNeg    . . .        H - +0 steam dragon scales
rPois   .            (helmet restricted)
rElec   .            (no cloak)
rCorr   +            n - +2 pair of gloves
SInv    +            J - +1 pair of boots
Will    .....        (no amulet)
Stlth   +++++        z - ring of resist corrosion
HPRegen 0.33/turn    G - ring of see invisible
MPRegen 0.14/turn

%: no passive effects
@: mighty, lethally poisoned (-3 -> -5), heroic, slowed, very slow
A: antennae 2, (demonic guardian 1), powered by death 1, big brain 1
a: Renounce Religion, Heroism, Finesse


You were on level 10 of the Dungeon.
You worshipped Okawaru.
Okawaru was greatly pleased with you.
You visited 2 branches of the dungeon, and saw 11 of its levels.

You collected 410 gold pieces.

Inventory:

Hand Weapons
 a - a +0 war axe
 p - the +7 Throatcutter (weapon) {drain, coup de grace}
   (You found it on level 2 of the Dungeon)
Missiles
 d - 3 throwing nets (quivered)
 e - 9 javelins
Armour
 b - a +0 leather armour
 c - a +0 helmet
 m - a +1 leather armour of willpower
 n - a +2 pair of gloves (worn)
 H - +0 steam dragon scales (worn)
 J - a +1 pair of boots (worn)
Jewellery
 g - an amulet of faith
 z - a ring of resist corrosion (left hand)
 G - a ring of see invisible (right hand)
Wands
 k - a wand of acid (5)
 q - a wand of paralysis (18)
 E - a wand of flame (17)
Scrolls
 f - 5 scrolls of immolation
 r - a scroll of torment
 t - a scroll of vulnerability
 u - a scroll of teleportation
 v - a scroll of enchant armour
 x - a scroll of amnesia
 y - a scroll of enchant weapon
 I - a scroll of silence {unknown}
Potions
 h - 3 potions of mutation {unknown}
 i - a potion of haste {unknown}
 j - 7 potions of curing {unknown}
 l - a potion of resistance {unknown}
 o - 4 potions of degeneration {unknown}
 s - a potion of enlightenment
 w - a potion of cancellation {unknown}
 A - a potion of magic {unknown}
 B - a potion of berserk rage {unknown}
 C - a potion of ambrosia {unknown}
 D - a potion of brilliance {unknown}
 F - a potion of might


   Skills:
 * Level 8.1(13.1) Fighting
 * Level 7.0(12.0) Long Blades
 - Level 2.8(7.8) Axes
 - Level 1.7(6.7) Throwing
 + Level 5.0(10.0) Armour
 + Level 5.7(10.7) Dodging
 + Level 5.1(10.1) Stealth
 + Level 2.2 Spellcasting
 + Level 2.3 Hexes
 + Level 7.0 Invocations
 - Level 4.6 Evocations


You had 13 spell levels left.
You didn't know any spells.
Your spell library contained the following spells:

 Spells                   Type           Power      Damage    Failure   Level
 Kiss of Death            Conj/Necr      4%         2d5       26%         1
 Sandblast                Erth           2%         2d4       26%         1
 Confusing Touch          Hex            7%         N/A       30%         3
 Passwall                 Tmut/Erth      0%         N/A       38%         2
 Sublimation of Blood     Necr           1%         N/A       38%         2
 Stone Arrow              Conj/Erth      2%         3d7       63%         3
 Leda's Liquefaction      Hex/Erth       2%         N/A       86%         4
 Brom's Barrelling Bould  Conj/Erth      1%         2d3       95%         4
 Dispel Undead            Necr           1%         3d6       95%         4
 Petrify                  Tmut/Erth      1%         N/A       95%         4
 Borgnjor's Vile Clutch   Necr/Erth      0%         N/A       100%        5
 Irradiate                Conj/Tmut      0%         3d11      100%        5
 Lee's Rapid Deconstruct  Erth           0%         3d4*      100%        5
 Bombard                  Conj/Erth      0%         9d1       100%        6


Dungeon Overview and Level Annotations

Branches:
Dungeon (10/15)            Temple (1/1) D:5
   Lair: D:8-11         Orc: D:9-12

Altars:
Ashenzari
Cheibriados
Dithmenos
Fedhas
Gozag
Hepliaklqana
Kikubaaqudgha
Makhleb
Nemelex Xobeh
Okawaru
Qazlal
Ru
Sif Muna
Trog
Uskayaw
Vehumet
Wu Jian
Xom
Yredelemnul

Shops:
D:3 ?*   D:6 !


Innate Abilities, Weirdness & Mutations

You have a pair of antennae on your head.
((A weak demonic guardian rushes to your aid.))
You regenerate a little health from kills.
You have an unusually large brain. (Int +2)


Message History

Unknown command.
Aiming: Corrosive Bolt
Press: ? - help, Shift-Dir - straight line, f - boggart, p - boggart
Aim: a boggart (slightly transparent, 67% to hit)
The bolt of acid hits the hornet!!
The acid corrodes the hornet!
The hornet is severely wounded.
The bolt of acid hits the boggart!
The acid corrodes the boggart!
You kill the boggart!
Okawaru accepts your kill.
The hornet dissolves into shadows!
The wight dissolves into shadows! x2
The bolt of acid hits the boggart!
The boggart is heavily wounded.
The bolt of acid hits the wraith!
The wraith is heavily damaged.
You feel very sick. The wraith hits you but does no damage.
The boggart gestures wildly while chanting.
The orc priest mumbles some strange prayers to Beogh against you.
Beogh smites you!
* * * LOW HITPOINT WARNING * * *
The orc warrior hits you from afar with a +0 halberd!
* * * LOW HITPOINT WARNING * * *
The wraith hits you but does no damage.
Okay, then.
What are your orders? t - Shout!
Orders for allies: a - Attack new target. p - Attack previous target. r - Retreat! s - Stop attacking. g - Guard the area. f - Follow me.
Anything else - Cancel.
Retreat in which direction?
Press: ? - help, Dir - move target, f - you, p - boggart
Okay, then.
Okay, then.
Okay, then.
You feel very mighty all of a sudden.
* * * LOW HITPOINT WARNING * * *
You feel sick.
The orc warrior hits you from afar with a +0 halberd!
You die...

##. ...#### ..#..
....... ..#.######.....
..#.+....#....o{
..#.+....#..Wo{#####
..#.#....#..cKg#...#
..#.'....#...Vo#...#
..#.#....#...oWoW..#
#'#.#....#..z{o#@..#.#
....#...>##....#...#.#
....#.....#....#...#.#
....#.....#....#...#.#
....#.....#....#...#.#
....#.....#....#...#.#
....##'####....##'##.##
....................<.#
......................#


You could see a kobold demonologist (summoned), a vampire (summoned, invisible),
3 wraiths, an orc warrior (summoned), a centaur (summoned), a boggart
(invisible), an orc priest (summoned) and 2 orc wizards.

Vanquished Creatures
  Josephine (D:10)
  A two-headed ogre (D:10)
  A hornet (D:7)
  2 wraiths
  4 yaks (D:10)
  4 wyverns
  Eustachio (D:6)
  3 steam dragons
  3 water moccasins
  An orc warrior (D:7)
  An ice beast (D:7)
  2 ogres
  3 boggarts (D:10)
  4 centaurs
  A kobold brigand (D:6)
  2 phantoms
  5 bullfrogs
  3 scorpions
  10 wights
  7 killer bees
  3 howler monkeys
  2 jellies
  A gnoll bouda (D:5)
  6 orc priests
  4 hounds
  Natasha (thrice) (D:4)
  6 iguanas
  10 orc wizards
  8 adders
  3 shadow imps
  A white imp (D:6)
  4 ufetubi
  3 worms
  2 dart slugs
  28 orcs
  9 ball pythons
  4 giant cockroaches
  10 goblins
  5 hobgoblins
  7 kobolds
  3 quokkas
  2 bats
  5 frilled lizards
  10 rats
198 creatures vanquished.

Vanquished Creatures (collateral kills)
  2 orcs (D:3)
2 creatures vanquished.

Grand Total: 200 creatures vanquished

Notes
Turn   | Place    | Note
-------+----------+-------------------------------------------
     0 | D:1      | Revguard the Demonspawn Gladiator began the quest for the
                  | Orb.
     0 | D:1      | Reached XP level 1. HP: 16/16 MP: 1/1
   221 | D:1      | Found a faded altar of an unknown god.
   238 | D:1      | Gained mutation: You have a pair of small antennae on your
                  | head. [demonic ancestry]
   238 | D:1      | Reached XP level 2. HP: 16/22 MP: 2/2
  1041 | D:2      | Found the +7 Throatcutter {drain, coup de grace}
  1194 | D:2      | Reached skill level 1 in Invocations
  1197 | D:2      | Reached XP level 3. HP: 21/28 MP: 3/3
  1710 | D:3      | Identified the "Jamuh"
  1792 | D:3      | Reached skill level 1 in Armour
  1863 | D:3      | Reached skill level 1 in Long Blades
  1863 | D:3      | Reached skill level 1 in Evocations
  1863 | D:3      | Gained mutation: A weak demonic guardian rushes to your
                  | aid. [demonic ancestry]
  1863 | D:3      | Reached XP level 4. HP: 26/34 MP: 4/4
  2053 | D:3      | Reached skill level 3 in Fighting
  2153 | D:3      | Found Nicuox's Magic Scroll Boutique.
  2162 | D:3      | Found Jaer's General Store.
  2397 | D:4      | Reached XP level 5. HP: 41/41 MP: 6/6
  2436 | D:4      | Noticed a phantom
  2444 | D:4      | Killed a phantom
  2445 | D:4      | Reached skill level 1 in Stealth
  2460 | D:4      | Gained mutation: You have a pair of antennae on your head.
                  | [demonic ancestry]
  2460 | D:4      | Reached XP level 6. HP: 25/47 MP: 7/7
  2562 | D:4      | You fall into a shaft and drop 3 floors!
  2601 | D:6      | Noticed a wyvern
  2609 | D:6      | Killed a wyvern
  2615 | D:6      | Reached skill level 4 in Fighting
  2615 | D:6      | Reached XP level 7. HP: 27/54 MP: 7/9
  2616 | D:5      | Entered Level 5 of the Dungeon
  2748 | D:5      | Noticed a steam dragon
  2752 | D:5      | Killed a steam dragon
  2826 | D:5      | Reached XP level 8. HP: 53/61 MP: 10/10
  2927 | D:5      | Reached skill level 5 in Fighting
  2953 | D:5      | Found an opulent altar of Gozag.
  3065 | D:5      | Found an iron altar of Okawaru.
  3163 | D:5      | Became a worshipper of Warmaster Okawaru
  3241 | D:5      | Found a staircase to the Ecumenical Temple.
  3248 | Temple   | Entered the Ecumenical Temple
  3359 | D:4      | Noticed Natasha
  3364 | D:4      | Killed Natasha
  3526 | D:4      | Noticed Natasha
  3544 | D:4      | Killed Natasha
  3573 | D:4      | Noticed Natasha
  3576 | D:4      | Killed Natasha
  3670 | D:6      | Identified the +4 ring mail of Biot {Will+ Dex+2}
  3775 | D:6      | Found Xodiogi's Distillery.
  4196 | D:6      | Noticed a moth of wrath
  4198 | D:6      | Noticed Eustachio
  4199 | D:6      | Found a bloodstained altar of Trog.
  4221 | D:6      | Killed Eustachio
  4221 | D:6      | Reached * piety under Okawaru
  4660 | D:7      | Gained mutation: You regenerate a little health from kills.
                  | [demonic ancestry]
  4660 | D:7      | Reached XP level 9. HP: 27/69 MP: 12/12
  4883 | D:7      | Reached skill level 6 in Fighting
  4891 | D:7      | Reached skill level 5 in Long Blades
  4898 | D:7      | Reached skill level 5 in Invocations
  5509 | D:7      | Reached ** piety under Okawaru
  5539 | D:7      | Reached skill level 5 in Dodging
  5773 | D:8      | Reached skill level 7 in Fighting
  5893 | D:8      | Gained mutation: You have an unusually large brain. (Int
                  | +2) [demonic ancestry]
  5893 | D:8      | Reached XP level 10. HP: 79/79 MP: 14/14
  6044 | D:8      | Found a blossoming altar of Fedhas.
  6784 | D:9      | Reached *** piety under Okawaru
  6838 | D:9      | Found a faded altar of an unknown god.
  6838 | D:9      | Found a shimmering altar of Xom.
  6846 | D:9      | Found a faded altar of an unknown god.
  6848 | D:9      | Found a sparkling altar of Nemelex Xobeh.
  6915 | D:9      | Reached skill level 1 in Spellcasting
  6917 | D:9      | Reached skill level 1 in Hexes
  7440 | D:10     | Entered Level 10 of the Dungeon
  7658 | D:10     | Reached **** piety under Okawaru
  7706 | D:10     | Noticed a two-headed ogre
  7712 | D:10     | Killed a two-headed ogre
  7769 | D:10     | Noticed Josephine
  7777 | D:10     | Killed Josephine
  7778 | D:10     | Reached skill level 8 in Fighting
  7778 | D:10     | Reached skill level 5 in Stealth
  7780 | D:10     | Reached ***** piety under Okawaru
  7788 | D:10     | Reached skill level 5 in Armour
  7793 | D:10     | HP: 4/80 [poisoned by a hornet]
  7793 | D:10     | Slain by an orc warrior

Illustrated notes

Levels and vault maps discovered:
D:1:      kennysheep_arrival_forest, layout_basic,
          hellmonk_ecumenical_altar_lost_god, corexii_item_surrounded_by_moat,
          minmay_pentomino_p4
D:2:      layout_basic
D:3:      layout_rooms, serial_shops, shop, nicolae_shop_tiny_waterfront,
          serial_bayou_crossing
D:4:      nicolae_BIG_FREAKIN_CUBE, layout_rooms,
          minmay_a_box_with_orc_wizards_in_it, uniq_natasha
D:5:      minmay_octagon_keep, layout_basic, mainiacjoe_overflow_tiny_flanked,
          mainiacjoe_overflow_swirl, minmay_temple_entry_junction_2
D:6:      layout_basic, tgw_trog, serial_shops, shop, uniq_eustachio
D:7:      layout_rooms, enter_bailey_5, minmay_fractal_squares_gapless_5
D:8:      layout_rooms, fedhas_bush_and_centaur_altar, zin_scriptorium,
          minmay_misc_feat_nine_boxes
D:9:      layout_gridville, chequers_temple_overflow_minitemple
D:10:     layout_irregular_city, david_lair_shrubbed, david_orc_4,
          chequers_serial_rivers_room_a, uniq_psyche, uniq_josephine
Temple:   cyrus_circular_temple

Skill      XL: |  1  2  3  4  5  6  7  8  9 10 |
---------------+-------------------------------+-----
Invocations    | 1 2 3 4 5 7 |  7.0
Armour         | 1 2 3 4 5 |  5.0
Long Blades    | 1 2 3 4 6 7 |  7.0
Dodging        | 3 4 5 |  5.7
Evocations     | 1 2 3 4 |  4.6
Fighting       | 3 4 5 7 8 |  8.1
Stealth        | 1 2 3 4 5 |  5.1
Spellcasting   | 2 |  2.2
Hexes          | 2 |  2.3
Axes           | |  2.8
Throwing       | |  1.7

Action                     |  1- 3 |  4- 6 |  7- 9 | 10-12 || total
---------------------------+-------+-------+-------+-------++-------
  Melee: War axe           |    68 |       |       |       ||    68
         Long sword        |    32 |    44 |   256 |    73 ||   405
         Punch             |       |       |     1 |       ||     1
 Invoke: Heroism           |       |       |     1 |     2 ||     3
  Evoke: Wand              |       |       |     1 |     8 ||     9
    Use: Scroll            |       |       |    10 |     1 ||    11
         Potion            |       |       |     4 |     2 ||     6
   Stab: Sleeping          |     1 |       |     5 |     1 ||     7
         Paralysed         |       |       |       |     3 ||     3
         Distracted        |       |       |       |     1 ||     1
 Armour: Leather armour    |    59 |    43 |   209 |    54 ||   365
         Steam dragon scal |       |       |       |    34 ||    34
  Dodge: Dodged            |    76 |    37 |   246 |   113 ||   472

Table legend: (Time is in decaauts)
 A = Elapsed time spent in this place.
 B = Non-inter-level travel time spent in this place.
 C = Inter-level travel time spent in this place.
 D = Time resting spent in this place.
 E = Time spent auto-exploring this place.
 F = Levels seen in this place.
 G = Mean time per level.
                   A        B        C        D        E       F      G
               +--------+--------+--------+--------+--------+-----+--------+
         Total |   7901 |   7693 |    208 |    177 |   5917 |  11 |  718.3 |
       Dungeon |   7899 |   7691 |    208 |    177 |   5917 |  10 |  789.9 |
        Temple |      1 |      1 |      0 |      0 |      0 |   1 |    1.0 |
               +--------+--------+--------+--------+--------+-----+--------+

Top non-repeatable levels by time:
     D:7: 1128 daAuts
     D:6: 1045 daAuts
     D:9: 997 daAuts
     D:1: 995 daAuts
     D:5: 776 daAuts
     D:2: 747 daAuts
     D:8: 690 daAuts
     D:3: 579 daAuts
     D:4: 576 daAuts
    D:10: 361 daAuts
  Temple: 1 daAuts
